 Dungeon Crawl Stone Soup version 0.30.1-9-gdf580d7c3d (webtiles) character file.

Game seed: 2694863280464185920

3 Hasleak the Caller (level 1, 0/10 HPs)
             Began as a Deep Elf Summoner on Sept 29, 2023.
             Slain by a jackal (2 damage)
             ... on level 1 of the Dungeon.
             The game lasted 00:00:37 (197 turns).

Hasleak the Caller (Deep Elf Summoner)               Turns: 197, Time: 00:00:38

Health: 0/10       AC:  2    Str:  5    XL:     1   Next: 41%
Magic:  3/6        EV: 12    Int: 19    God:
Gold:   39         SH:  0    Dex: 15    Spells: 5/6 levels left

rFire   . . .        (no weapon)
rCold   . . .        (no shield)
rNeg    . . .        a - +0 robe
rPois   .            (no helmet)
rElec   .            (no cloak)
rCorr   .            (no gloves)
SInv    .            (no boots)
Will    .....        (no amulet)
Stlth   ++           (no ring)
HPRegen 0.21/turn    (no ring)
MPRegen 0.10/turn

%: no passive effects
@: no status effects
A: no striking features
a: no special abilities


You were on level 1 of the Dungeon.
You visited 1 branch of the dungeon, and saw 1 of its levels.

You collected 39 gold pieces.

Inventory:

Armour
 a - a +0 robe (worn)
Scrolls
 c - a scroll of identify {unknown}
Potions
 b - a potion of magic


   Skills:
 + Level 2.5 Dodging
 - Level 2.4 Stealth
 + Level 3.1 Spellcasting
 + Level 4.4 Summonings


You had 5 spell levels left.
You knew the following spells:

 Your Spells              Type           Power      Damage    Failure   Level
a - Summon Small Mammal   Summ           76%        N/A       2%          1

Your spell library contained the following spells:

 Spells                   Type           Power      Damage    Failure   Level
 Call Imp                 Summ           38%        N/A       3%          2
 Call Canine Familiar     Summ           19%        N/A       7%          3
 Summon Guardian Golem    Hex/Summ       11%        N/A       19%         3
 Summon Lightning Spire   Summ/Air       11%        N/A       52%         4


Dungeon Overview and Level Annotations

Branches:
Dungeon (1/15)

Altars:


Message History

Your quokka bites the jackal.
The jackal bites your quokka. x2
Your quokka closely misses the jackal.
The jackal bites your quokka.
Your quokka dies!
Your quokka's corpse disappears in a puff of smoke!
The jackal bites you but does no damage.
Casting: Summon Small Mammal (safe; 2% risk of failure)
Confirm with . or Enter, or press ? or * to list all spells.
The jackal bites you but does no damage.
The jackal bites you. The jackal barely misses you.
The jackal closely misses you.
Your rat closely misses the jackal.
The jackal bites your rat.
Your rat dies!
Your rat's corpse disappears in a puff of smoke!
The jackal attacks as you move away! The jackal misses you.
The jackal closely misses you. The jackal closely misses you.
The jackal attacks as you move away! The jackal bites you.
The jackal closely misses you.
The jackal bites you but does no damage.
The jackal attacks as you move away! The jackal barely misses you.
Casting: Summon Small Mammal (safe; 2% risk of failure)
Confirm with . or Enter, or press ? or * to list all spells.
The jackal barely misses you. The jackal bites you.
Your quokka bites the jackal but does no damage.
The jackal bites you. The jackal barely misses you.
The jackal attacks as you move away! The jackal bites you.
* * * LOW HITPOINT WARNING * * *
Casting: Summon Small Mammal (safe; 2% risk of failure)
Confirm with . or Enter, or press ? or * to list all spells.
The jackal barely misses you. x2; Your quokka barely misses the jackal.
The jackal bites you.
* * * LOW HITPOINT WARNING * * *
The jackal bites you but does no damage.
The jackal attacks as you move away! The jackal barely misses you.
Your quokka barely misses the jackal.
The jackal attacks as you move away! The jackal bites you.
You die...

### ##..## ~ # #.### ###.)#.##
##.~ ###...###..###..### P...
..........## ##...##..#
.#######.## #....'P.# ## .# +##
#...###.# ##.. ## ###..## .#
##...$ #######..hr.## .# ##.....
##...[#.hgh@(.## # #......
######.##...r.###...#######.§....
..##.#.###...## ##..#..†.#.......
⌠..##..##.#..## ##....##..g......
...###..###...###...######.......
..####..# ##.....g.## ##.b....
#####...# ##.....## #......
####..### ###.### +#..... ..#...#
#####..## ##..$.


You could see 3 jackals, a goblin and 2 friendly quokkas.

Vanquished Creatures (collateral kills)
  A jackal (D:1)
  A quokka (D:1)
  A frilled lizard (D:1)
3 creatures vanquished.

Notes
Turn   | Place    | Note
-------+----------+-------------------------------------------
     0 | D:1      | Hasleak the Deep Elf Summoner began the quest for the Orb.
     0 | D:1      | Reached XP level 1. HP: 10/10 MP: 6/6
   197 | D:1      | Slain by a jackal

Illustrated notes

Levels and vault maps discovered:
D:1:      dpeg_cavernosity, layout_basic

Action                     || total
---------------------------++-------
  Melee: Unarmed           ||     1
   Cast: Summon Small Mamm ||     8
 Armour: Robe              ||     6
  Dodge: Dodged            ||    18
